 Dungeon Crawl Stone Soup version 0.24.1-14-gf8d2b509d9 (webtiles) character file.

Game seed: 1886166270638152523, levelgen mode: deterministic

13627 KlarStein the Carver (level 11, -10/89 HPs)
             Began as a Demonspawn Fighter on Sept 5, 2020.
             Was the Champion of Dithmenos.
             Mangled by a komodo dragon (19 damage)
             ... on level 2 of the Lair of Beasts.
             The game lasted 00:51:52 (11233 turns).

KlarStein the Carver (Demonspawn Fighter)          Turns: 11233, Time: 00:51:52

Health: -10/89     AC: 19    Str: 19    XL:     11   Next: 78%
Magic:  14/14      EV:  8    Int:  9    God:    Dithmenos [******]
Gold:   276        SH: 12    Dex: 14    Spells: 10/10 levels left

rFire    + . .     SeeInvis .   t - +2 short sword (speed)
rCold    + . .     Gourm    .   c - +1 shield
rNeg     . . .     Faith    .   N - +5 scale mail {rC+}
rPois    +         Spirit   .   q - +0 helmet
rElec    .         Reflect  .   (no cloak)
rCorr    .         Harm     .   k - +0 pair of gloves
MR       .....                  (no boots)
Stlth    ..........             (no amulet)
HPRegen  0.24/turn              z - ring of protection from fire
MPRegen  0.14/turn              w - ring of poison resistance

@: slowed, wreathed by umbra, very slow
A: talons 2, icy blue scales 2, powered by death 3
a: Shadow Step, Shadow Form, Renounce Religion


You were on level 2 of the Lair of Beasts.
You worshipped Dithmenos.
Dithmenos was exalted by your worship.
You were not hungry.

You visited 2 branches of the dungeon, and saw 12 of its levels.
You also visited: Sewer.

You collected 679 gold pieces.
You spent 403 gold pieces at shops.

Inventory:

Hand Weapons
 a - a +0 long sword
 p - a +3 dagger of flaming
 t - a +2 short sword of speed (weapon)
 u - a +2 short sword of venom
 D - a +1 falchion
 E - the +0 war axe of Osaoh {pain, *Corrode rElec rC+ Dex+6}
   (You found it on level 8 of the Dungeon)

   In the hands of one skilled in necromantic magic, it inflicts extra damage on
   living creatures.
   It affects your dexterity (+6).
   It protects you from cold.
   It insulates you from electricity.
   It may corrode you when you take damage.
Armour
 c - a +1 shield (worn)
 k - a +0 pair of gloves (worn)
 q - a +0 helmet (worn)
 N - a +5 scale mail of cold resistance (worn)
Jewellery
 w - a ring of poison resistance (right hand)
 y - an uncursed ring of resist corrosion
 z - a ring of protection from fire (left hand)
 C - an uncursed ring of fire
 H - an uncursed ring of positive energy
Wands
 r - a wand of digging (3)
 s - a wand of iceblast (6)
 L - a wand of polymorph (14)
Scrolls
 i - a scroll of magic mapping
 j - 2 scrolls of remove curse
 n - a scroll of amnesia
 x - a scroll of blinking
 B - 2 scrolls of teleportation
 F - a scroll of identify
Potions
 b - a potion of resistance {unknown}
 d - 2 potions of brilliance {unknown}
 e - 3 potions of magic
 g - a potion of flight {unknown}
 h - a potion of haste
 l - 2 potions of ambrosia {unknown}
 o - 3 potions of lignification {unknown}
 A - 2 potions of curing
Comestibles
 f - 16 rations


   Skills:
 + Level 9.1 Fighting
 * Level 11.0 Long Blades
 + Level 8.3 Armour
 + Level 8.3 Shields
 - Level 4.1 Invocations


You had 10 spell levels left.
You didn't know any spells.
Your spell library contained the following spells:

 Spells                   Type           Power        Failure   Level  Hunger
 Animate Skeleton         Necr           N/A          94%         1    ##.....
 Apportation              Tloc           #.....       94%         1    ##.....
 Confusing Touch          Hex            #.....       94%         1    ##.....
 Magic Dart               Conj           #...         94%         1    ##.....
 Summon Small Mammal      Summ           #...         94%         1    ##.....
 Call Imp                 Summ           #.......     98%         2    ###....
 Searing Ray              Conj           #.....       98%         2    ###....
 Call Canine Familiar     Summ           #.......     100%        3    ####...
 Dazzling Spray           Conj/Hex       #.....       100%        3    ####...
 Summon Guardian Golem    Hex/Summ       #.......     100%        3    ####...
 Force Lance              Conj/Tloc      #.......     100%        4    #####..
 Fulminant Prism          Conj/Hex       #.........   100%        4    #####..
 Iskenderun's Mystic Bla  Conj           #.......     100%        4    #####..
 Summon Ice Beast         Ice/Summ       #.......     100%        4    #####..
 Summon Lightning Spire   Summ/Air       #.......     100%        4    #####..


Dungeon Overview and Level Annotations

Branches:
Dungeon (11/15)              Lair (2/6) D:11            Orc (0/2) D:11
  Sewer (visited)
 Temple: D:4-7        Swamp: Lair:2-4    Shoals: Lair:2-4     Snake: Lair:2-4
 Spider: Lair:2-4

Altars:
Dithmenos
Fedhas
Gozag
Qazlal
Trog
Uskayaw
Vehumet
Xom
Yredelemnul
The Shining One

Shops:
D:10 [

Annotations:
D:3 2 transporters, Theblade12's ghost, amateur DsWn
D:8 1 transporter
Lair:2 peterlawrence's ghost, journeyman MiFi


Innate Abilities, Weirdness & Mutations

You have razor-sharp toenails.
You are mostly covered in icy blue scales. (AC +3)
You regenerate a lot of health from kills.


Message History

* * * LOW HITPOINT WARNING * * *
You hit the komodo dragon. Your kick misses the komodo dragon.
The komodo dragon is almost dead.
You block the komodo dragon's attack.
You hit the komodo dragon but do no damage.
You claw the komodo dragon, but do no damage.
The komodo dragon is almost dead.
Your shadow barely misses the komodo dragon.
The komodo dragon barely misses you.
You hit the komodo dragon.
You claw the komodo dragon, but do no damage.
The komodo dragon is almost dead.
The komodo dragon bites you but does no damage.
You barely miss the komodo dragon. Your kick misses the komodo dragon.
The komodo dragon is almost dead.
You closely miss the komodo dragon. You claw the komodo dragon.
The komodo dragon is almost dead.
Your shadow hits the komodo dragon but does no damage.
The komodo dragon bites you!!
You die...

### #!...#.P..# #.l
#..#...# ..
####..#..##
#.##.#....#..# ..
#.#..?.........
...?#%†.....P.##....
.#....ll...### ####.
....:...rl####
##P.##.###@# ## ##
###


You could see 3 komodo dragons and a porcupine.

Vanquished Creatures
  A hydra (Lair:1)
  2 black mambas (Lair:2)
  2 spiny frogs
  2 rime drakes (Lair:2)
  2 komodo dragons
  4 trolls
  A hornet (D:11)
  2 bog bodies (Lair:2)
  6 yaks (D:11)
  A wraith (D:11)
  A wyvern (D:10)
  A basilisk (Lair:2)
  Menkaure (D:4)
  A naga (D:11)
  2 water moccasins
  4 black bears
  9 porcupines
  8 orc warriors
  A swamp drake (D:11)
  4 ice beasts
  A sky beast (D:10)
  5 phantoms
  4 ogres
  7 centaurs
  A necrophage (D:11)
  2 big kobolds
  8 bullfrogs
  4 scorpions
  A wyvern skeleton (D:8)
  A blink frog simulacrum (Lair:2)
  3 killer bees (D:10)
  3 howler monkeys
  3 crimson imps
  A komodo dragon simulacrum (Lair:2)
  2 centaur zombies
  4 hounds
  A bullfrog skeleton (D:4)
  3 jellies
  7 orc priests
  13 orc wizards
  A water moccasin simulacrum (Lair:2)
  Ijyb (D:4)
  4 centaur skeletons
  3 iguanas
  Natasha (twice) (D:3)
  11 worker ants
  A porcupine simulacrum (Lair:2)
  4 gnolls (D:5)
  14 adders
  A shadow imp (D:9)
  10 oozes
  A worm (D:2)
  4 dart slugs
  18 leopard geckos
  39 orcs
  8 bats
  22 giant cockroaches
  11 goblins
  11 hobgoblins
  14 jackals
  2 quokkas
  16 ball pythons
  10 frilled lizards
  A jackal zombie (D:5)
  11 kobolds
  7 rats
356 creatures vanquished.

Vanquished Creatures (others)
  A rime drake (Lair:2)
  5 fungi
  4 plants (Lair:2)
10 creatures vanquished.

Grand Total: 366 creatures vanquished

Notes
Turn   | Place    | Note
-------+----------+-------------------------------------------
     0 | D:1      | KlarStein the Demonspawn Fighter began the quest for the
                  | Orb.
     0 | D:1      | Reached XP level 1. HP: 18/18 MP: 1/1
   158 | D:1      | Reached skill level 2 in Long Blades
   381 | D:1      | Gained mutation: You regenerate a little health from kills.
                  | [demonic ancestry]
   381 | D:1      | Reached XP level 2. HP: 20/24 MP: 2/2
   695 | D:1      | Gained mutation: You regenerate health from kills. [demonic
                  | ancestry]
   695 | D:1      | Reached XP level 3. HP: 29/29 MP: 3/3
  1435 | D:2      | Gained mutation: You are partially covered in icy blue
                  | scales. (AC +2) [demonic ancestry]
  1435 | D:2      | Reached XP level 4. HP: 32/35 MP: 4/4
  1722 | D:2      | Reached skill level 3 in Long Blades
  1822 | D:2      | Found a stormy altar of Qazlal.
  1823 | D:2      | Found a shadowy altar of Dithmenos.
  1823 | D:2      | Found a basalt altar of Yredelemnul.
  1823 | D:2      | Found a glowing golden altar of the Shining One.
  1833 | D:2      | Became a worshipper of Dithmenos the Shadowed
  2236 | D:3      | Found a transporter.
  2236 | D:3      | Found a transporter.
  2236 | D:3      | Identified the cursed +1 dire flail of Destiny {crush, rF+}
  2236 | D:3      | Noticed an ogre
  2236 | D:3      | Noticed Theblade12's ghost (amateur DsWn)
  2248 | D:3      | Reached XP level 5. HP: 40/41 MP: 5/5
  2258 | D:3      | Noticed an ogre
  2450 | D:3      | Found a glowing drain.
  2469 | Sewer    | Entered a sewer
  2502 | Sewer    | Reached * piety under Dithmenos
  2724 | Sewer    | Reached ** piety under Dithmenos
  2840 | Sewer    | Gained mutation: You are mostly covered in icy blue scales.
                  | (AC +3) [demonic ancestry]
  2840 | Sewer    | Reached XP level 6. HP: 47/48 MP: 6/6
  2875 | Sewer    | Reached skill level 4 in Long Blades
  3004 | D:3      | Found a radiant altar of Vehumet.
  3006 | D:3      | Noticed Natasha
  3483 | D:4      | Gained mutation: You have sharp toenails. [demonic
                  | ancestry]
  3483 | D:4      | Reached XP level 7. HP: 55/55 MP: 7/7
  3616 | D:4      | Noticed Menkaure
  3627 | D:4      | Killed Menkaure
  3627 | D:4      | Reached *** piety under Dithmenos
  3627 | D:4      | Reached skill level 5 in Long Blades
  3850 | D:4      | Noticed Ijyb
  3867 | D:4      | Killed Ijyb
  4139 | D:4      | Found a blossoming altar of Fedhas.
  4434 | D:4      | Reached skill level 5 in Fighting
  4434 | D:4      | Reached XP level 8. HP: 57/62 MP: 8/8
  4710 | D:3      | Killed Natasha
  4766 | D:3      | Noticed Natasha
  4780 | D:3      | Killed Natasha
  4916 | D:5      | Entered Level 5 of the Dungeon
  5072 | D:5      | Reached skill level 5 in Shields
  5090 | D:5      | Reached skill level 6 in Long Blades
  5210 | D:5      | Found a hide-covered altar of Uskayaw.
  5229 | D:5      | Reached skill level 5 in Armour
  5851 | D:6      | Gained mutation: You have razor-sharp toenails. [demonic
                  | ancestry]
  5851 | D:6      | Reached XP level 9. HP: 67/69 MP: 9/9
  5898 | D:6      | Reached skill level 7 in Long Blades
  5920 | D:6      | Found an opulent altar of Gozag.
  5924 | D:6      | You fall into a shaft and drop 2 floors!
  5925 | D:8      | Found a bloodstained altar of Trog.
  5977 | D:8      | Reached skill level 1 in Invocations
  6294 | D:8      | Found the +0 pair of fencer's gloves {Riposte Dex+3}
  6297 | D:8      | Found a transporter.
  6314 | D:8      | Reached **** piety under Dithmenos
  6453 | D:8      | Got a fine war axe
  6752 | D:9      | Found a shimmering altar of Xom.
  6814 | D:9      | Reached skill level 8 in Long Blades
  7032 | D:9      | Identified the +0 war axe of Osaoh {pain, *Corrode rElec
                  | rC+ Dex+6} (You found it on level 8 of the Dungeon)
  7067 | D:9      | Reached XP level 10. HP: 75/77 MP: 13/13
  7403 | D:10     | Entered Level 10 of the Dungeon
  7776 | D:10     | Reached ***** piety under Dithmenos
  7814 | D:10     | Found Doruser's Armour Shoppe.
  7817 | D:10     | Bought a +4 scale mail of cold resistance for 403 gold
                  | pieces
  8419 | D:11     | Reached skill level 9 in Long Blades
  8833 | D:11     | Found a staircase to the Lair.
  8921 | D:11     | Gained mutation: You regenerate a lot of health from kills.
                  | [demonic ancestry]
  8921 | D:11     | Reached XP level 11. HP: 86/86 MP: 14/14
  9177 | D:11     | Reached skill level 10 in Long Blades
  9294 | D:11     | Found a staircase to the Orcish Mines.
  9834 | Lair:1   | Entered Level 1 of the Lair of Beasts
 10278 | Lair:1   | Noticed a four-headed hydra
 10288 | Lair:1   | Killed a four-headed hydra
 10995 | Lair:2   | Found a runed translucent gate.
 10997 | Lair:2   | Found a runed translucent gate.
 10999 | Lair:2   | Found a runed translucent gate.
 11029 | Lair:2   | Noticed peterlawrence's ghost (journeyman MiFi)
 11120 | Lair:2   | Reached ****** piety under Dithmenos
 11180 | Lair:2   | Reached skill level 11 in Long Blades
 11233 | Lair:2   | Mangled by a komodo dragon

Levels and vault maps discovered:
D:1:      dpeg_arrival_shelter, layout_basic
D:2:      layout_loops_corners, chequers_temple_overflow_statue_of_worship,
          minmay_quantized
D:3:      layout_basic, nicolae_overflow_hidden_temple, portal_sewer_entry_a,
          gammafunk_ghost_smash, minmay_tree_intersection, uniq_natasha
D:4:      layout_loops_corners, kennysheep_mini_moat, first_ration,
          grunt_decor_mini_mirrors, uniq_ijyb, uniq_menkaure
D:5:      layout_cave_pools, lemuel_crystal_altar
D:6:      layout_basic, lemuel_round_altar, ebering_ghost_xom, uniq_edmund
D:8:      gammafunk_the_bubble [the_bubble_gammafunk_crates], layout_rooms,
          marbit_many_paths, grunt_pizzeria
D:9:      layout_layer_cave, old_standard_altar
D:10:     layout_cave_pools, serial_shops, nicolae_shop_behind_doors,
          kennysheep_potato
D:11:     layout_loops_ring, due_lair_maze_entry_diamond, erik_orc_1
Lair:1:   layout_regular_city, infiniplex_staircase_pool
Lair:2:   layout_loops_ring, skrybe_swamp_entry_bodies, gammafunk_ghost_icy,
          beast_lair_carwin_7

Skill      XL: |  1  2  3  4  5  6  7  8  9 10 11 |
---------------+----------------------------------+-----
Long Blades    | 2 3 4 5 6 8 9 11 | 11.0
Armour         | 3 4 5 6 7 8 |  8.3
Shields        | 3 4 5 6 7 8 |  8.3
Fighting       | 4 5 6 8 9 |  9.1
Invocations    | 4 |  4.1

Action                   |  1- 3 |  4- 6 |  7- 9 | 10-12 || total
-------------------------+-------+-------+-------+-------++-------
Melee: Long sword        |   107 |     1 |       |       ||   108
       Dagger            |       |   361 |   375 |    21 ||   757
       Kick              |       |       |   209 |   294 ||   503
       Short sword       |       |       |   238 |   797 ||  1035
Evoke: Wand              |       |       |    10 |     6 ||    16
  Use: Potion            |     1 |       |     1 |    12 ||    14
       Scroll            |       |     2 |     9 |    10 ||    21
 Stab: Paralysed         |       |       |    12 |       ||    12
  Eat: Chunk             |     2 |     7 |     9 |    11 ||    29
       Ration            |       |       |     1 |     1 ||     2
Armor: Scale mail        |    34 |       |       |   177 ||   211
       Plate armour      |    40 |   242 |   224 |    52 ||   558
Dodge: Dodged            |    16 |    37 |    47 |   146 ||   246
Block: Shield            |    47 |   204 |   172 |   297 ||   720
       Rpst.: Long sword |     7 |       |       |       ||     7
